AoeStats
← Financial Panther

Arena

506528587Analyzed
4v4 RM · 19d ago on Sep 13, 2026· 45m 55s· 8 players
Game mode
Random Map
Map size
Large (8 player)
Population
200
Speed
Normal
Resources
Standard
Victory
Conquest
Starting age
Dark Age
Ending age
Imperial Age
RankedLock teamsTeams togetherTeam positionsShared explorationLock speedFull tech treeHidden civsTurbo modeCheats
Victory
Defeat
🇦🇷 Portuguese · Argentina
1499
+12
🇵🇪 Aztecs · Peru
1468
+13
🇧🇷 Teutons · Brazil
1394
+17
🇦🇷 Wu · Argentina
1393
+16
🇹🇷 Turks · Türkiye
1436
-16
🇺🇸 Koreans · United States
1427
-15
🇺🇸 Saracens · United States
1396
-14
🇻🇳 Burgundians · Vietnam
1372
-13
CORP_Marcus
6:12 Loom
8:25 Feudal Age
9:52 Double-Bit Axe
12:37 Fletching
14:50 Horse Collar
17:19 Town Watch
22:47 Castle Age
21:22 Gold Mining
23:52 Bow Saw
24:20 Bodkin Arrow
34:13 Wheelbarrow
37:57 Hand Cart
42:02 Imperial Age
40:28 Scale Barding Armor
41:53 Bloodlines
42:04 Chain Barding Armor
42:36 Scale Mail Armor
42:48 Forging
44:05 Chain Mail Armor
44:27 Iron Casting
43:24 Cavalier
45:10 Plate Mail Armor
45:52 Blast Furnace
45:35 Elite Teutonic Knight
CORP_Solano
10:54 Feudal Age
14:25 Castle Age
12:44 Scale Mail Armor
12:36 Double-Bit Axe
13:34 Scale Mail Armor
21:08 Chain Mail Armor
21:23 Loom
22:54 Fletching
25:40 Bow Saw
26:21 Horse Collar
27:15 Bodkin Arrow
28:08 Crossbowman
28:59 Padded Archer Armor
33:17 Heavy Plow
35:51 Wheelbarrow
41:52 Imperial Age
41:26 Ballistics
42:38 Bracer
43:26 Arbalester
45:27 Chemistry
45:06 Leather Archer Armor
CORP_ Zata
10:23 Feudal Age
11:00 Feudal Age
12:29 Double-Bit Axe
14:56 Castle Age
12:54 Horse Collar
15:04 Scale Barding Armor
19:03 Loom
37:52 Imperial Age
37:26 Gold Mining
39:43 Chemistry
40:30 Arquebus
43:02 Stone Mining
43:23 Bow Saw
43:14 Heavy Plow
44:50 Stone Shaft Mining
46:39 Two-Man Saw
46:10 Crop Rotation
46:23 Wheelbarrow
46:19 Crop Rotation
45:51 Treadmill Crane
CORP_ EuSanAoE
10:14 Feudal Age
14:33 Castle Age
12:40 Double-Bit Axe
12:42 Horse Collar
15:35 Bow Saw
21:09 Loom
22:28 Wheelbarrow
28:18 Imperial Age
25:16 Pikeman
25:56 Squires
25:59 Scale Mail Armor
26:09 Forging
26:03 Heavy Plow
25:54 Gold Mining
26:12 Arson
27:14 Chain Mail Armor
28:14 Iron Casting
27:48 Eagle Warrior
29:36 Plate Mail Armor
30:06 Blast Furnace
29:54 Elite Eagle Warrior
31:00 Gambesons
34:25 Hand Cart
33:55 Town Watch
34:38 Stone Mining
35:23 Gold Shaft Mining
tower07
10:34 Feudal Age
11:15 Loom
14:11 Castle Age
14:50 Fletching
19:37 Scale Mail Armor
19:43 Padded Archer Armor
19:58 Scale Barding Armor
24:32 Chain Barding Armor
27:13 Bodkin Arrow
Financial Panther
10:08 Feudal Age
9:42 Loom
20:21 Castle Age
18:46 Double-Bit Axe
19:06 Horse Collar
20:28 Fletching
21:47 Bow Saw
23:27 Heavy Plow
24:04 Bodkin Arrow
31:28 Wheelbarrow
30:44 Town Watch
34:58 Imperial Age
34:49 Gold Mining
35:48 Ballistics
36:17 Crossbowman
38:14 Thumb Ring
39:11 Chemistry
40:21 Bracer
41:17 Conscription
41:07 Scale Mail Armor
41:19 Pikeman
42:00 Squires
RebellionFire
10:01 Feudal Age
13:53 Castle Age
15:37 Loom
16:22 Fletching
17:03 Horse Collar
17:12 Double-Bit Axe
17:16 Horse Collar
20:31 Gold Mining
26:18 Wheelbarrow
27:16 Bow Saw
33:35 Imperial Age
32:29 Padded Archer Armor
35:18 Hand Cart
38:45 Fletching
ost.nostalgia
2:43 Loom
9:56 Feudal Age
15:00 Castle Age
13:22 Double-Bit Axe
13:36 Horse Collar
15:36 Bow Saw
15:26 Heavy Plow
20:45 Wheelbarrow
22:04 Cavalier
23:05 Scale Barding Armor
23:34 Scale Barding Armor
25:05 Chain Barding Armor
25:58 Gold Mining
26:42 Chain Barding Armor
27:31 Forging
28:13 Husbandry
28:50 Iron Casting
30:31 Town Watch
32:13 Two-Man Saw
35:27 Imperial Age
33:19 Scale Mail Armor
33:36 Hand Cart
33:44 Hand Cart
33:42 Squires
33:27 Arson
34:20 Chain Mail Armor
36:35 Conscription
36:01 Paladin
36:54 Burgundian Vineyards
37:28 Plate Barding Armor
38:01 Plate Mail Armor
38:32 Blast Furnace
45:33 Guilds
Connection lost

Rejoining the realm…

Still unreachable

The connection could not be restored.

Session expired

The server has moved on; the page needs a fresh start.